[Event "Hungarian Youth-ch I 2024"]
[Site "Szolnok"]
[Date "2024.04.03"]
[Round "5.15"]
[White "Papai, Mate"]
[Black "Hangay, Oliver"]
[Result "1/2-1/2"]
[ECO "A59"]
[WhiteElo "1887"]
[BlackElo "1962"]
[Annotator "RC"]
[PlyCount "84"]
[EventDate "2024.03.31"]
[EventType "swiss"]
[EventCountry "HUN"]
[SourceTitle "playchess.com"]
[Source "ChessBase"]
[SourceQuality "1"]
[TimeControl "5400+30"]

1. d4 Nf6 2. c4 c5 3. d5 b5 4. cxb5 a6 5. bxa6 Bxa6 6. Nc3 d6 7. e4 Bxf1 8. Kxf1 g6 9. g3 Bg7 10. Kg2 O-O 11. Nf3 Nbd7 12. Re1 Qa5 13. Qe2 Rfb8 14. h3 Ne8 15. Qc2 Nc7 16. Bg5 Kf8 17. Bd2 c4 18. Nd1 Qb5 19. Bc3 Nc5 20. Bxg7+ Kxg7 21. Qc3+ Kg8 22. Nd4 Qa6 23. Nc6 Re8 24. Ne3 Nxe4 25. Qd4 f5 26. f3 Nf6 27. Nxe7+ Rxe7 28. Qxf6 Re5 29. f4 Ree8 30. g4 Rf8 31. Qg5 Qb5 32. gxf5 Nxd5 33. Kg3 Nxe3 34. Rxe3 Qxf5 35. Qxf5 Rxf5 36. Rd1 d5 37. a3 Kf7 38. Rde1 Ra7 39. Rd1 Re7 40. Rf3 Ke6 41. b3 cxb3 42. Rxb3 Rd7 1/2-1/2

[Event "Hungarian Youth-ch I 2024"]
[Site "Szolnok"]
[Date "2024.04.03"]
[Round "5.16"]
[White "Minga-Nagy, Abel Inti"]
[Black "Hegedus, Bernat"]
[Result "1/2-1/2"]
[ECO "B50"]
[WhiteElo "1929"]
[BlackElo "1778"]
[Annotator "RC"]
[PlyCount "87"]
[EventDate "2024.03.31"]
[EventType "swiss"]
[EventCountry "HUN"]
[SourceTitle "playchess.com"]
[Source "ChessBase"]
[SourceQuality "1"]
[TimeControl "5400+30"]

1. e4 c5 2. Nf3 d6 3. Nc3 a6 4. g3 g6 5. Bg2 Bg7 6. O-O Nf6 7. e5 dxe5 8. Nxe5 O-O 9. d3 Qc7 10. Re1 Nbd7 11. Nc4 Re8 12. Qf3 Ra7 13. a4 b6 14. Qc6 Qd8 15. Qf3 Bb7 16. Qe2 Bxg2 17. Kxg2 Nf8 18. Bf4 Ne6 19. Be5 Nd4 20. Bxd4 cxd4 21. Ne4 Nd5 22. Ra3 Rd7 23. Rb3 e5 24. c3 f5 25. Ned6 Rxd6 26. Nxd6 Qxd6 27. cxd4 Ne3+ 28. fxe3 Qd5+ 29. Kh3 Qxb3 30. dxe5 Bxe5 31. e4 Qe6 32. exf5 Qxf5+ 33. g4 Qf4 34. g5 Rf8 35. Qxe5 Qxe5 36. Rxe5 Rf3+ 37. Kg2 Rxd3 38. Re6 Rd2+ 39. Kg3 Rxb2 40. a5 bxa5 41. Rxa6 Ra2 42. Ra8+ Kf7 43. Ra7+ Kg8 44. Ra8+ 1/2-1/2

[Event "Hungarian Youth-ch I 2024"]
[Site "Szolnok"]
[Date "2024.04.03"]
[Round "5.17"]
[White "Hegedus, Zsombor"]
[Black "Meszaros-Csonka, David"]
[Result "0-1"]
[ECO "B33"]
[WhiteElo "1759"]
[BlackElo "1941"]
[Annotator "RC"]
[PlyCount "80"]
[EventDate "2024.03.31"]
[EventType "swiss"]
[EventCountry "HUN"]
[SourceTitle "playchess.com"]
[Source "ChessBase"]
[SourceQuality "1"]
[TimeControl "5400+30"]

1. e4 c5 2. Nf3 Nc6 3. d4 cxd4 4. Nxd4 Nf6 5. Nc3 e6 6. Ndb5 d6 7. Bf4 e5 8. Bg5 a6 9. Na3 b5 10. Bxf6 gxf6 11. Nd5 f5 12. g3 fxe4 13. Bg2 Be6 14. Bxe4 Bg7 15. Qh5 Rc8 16. c3 Ne7 17. Rd1 Rc5 18. Nxe7 Qxe7 19. Bf5 e4 20. Qg4 Bxc3+ 21. bxc3 Bxf5 22. Qg7 Qe5 23. Qxe5+ dxe5 24. Rd6 Rxc3 25. Rxa6 O-O 26. O-O Bh3 27. Rd1 Rd3 28. Rxd3 exd3 29. Rd6 Rc8 30. f3 b4 31. Rxd3 bxa3 32. Rxa3 Rc2 33. Ra8+ Kg7 34. Re8 Rg2+ 35. Kf1 Rxa2+ 36. Ke1 Kf6 37. Rh8 Rxh2 38. g4 e4 39. Rxh7 exf3 40. g5+ Kg6 0-1

[Event "Hungarian Youth-ch I 2024"]
[Site "Szolnok"]
[Date "2024.04.03"]
[Round "5.18"]
[White "Nagy, Norbert"]
[Black "Fan, Xiaotong"]
[Result "1/2-1/2"]
[ECO "B41"]
[WhiteElo "1629"]
[BlackElo "1731"]
[Annotator "NA RC"]
[PlyCount "99"]
[EventDate "2024.03.31"]
[EventType "swiss"]
[EventCountry "HUN"]
[SourceTitle "playchess.com"]
[Source "ChessBase"]
[SourceQuality "1"]
[TimeControl "5400+30"]

1. e4 c5 2. Nf3 e6 3. d4 cxd4 4. Nxd4 a6 5. c4 Qc7 6. a3 Nf6 7. Nc3 Be7 8. Be3 d6 9. Be2 Nbd7 10. Rc1 O-O 11. O-O b6 12. f4 Bb7 13. Qc2 Nc5 14. Bf3 Rfe8 15. Nb3 Nxb3 16. Qxb3 Rac8 17. Bxb6 Qxc4 18. Qxc4 Rxc4 19. e5 Nd7 20. Bxb7 Nxb6 21. Bxa6 Rd4 22. Rcd1 dxe5 23. fxe5 Bc5 24. Kh1 Nd5 25. Nxd5 exd5 26. b4 Bb6 27. Rxd4 Bxd4 28. Rd1 Rxe5 29. g3 Bb6 30. a4 g6 31. a5 Bf2 32. Kg2 Be1 33. Bb7 Bxb4 34. a6 Bc5 35. Bxd5 Re7 36. Ra1 Kg7 37. Bb7 Ba7 38. h4 f6 39. Rc1 Kf8 40. Rc6 Kf7 41. Rc8 Re8 42. Bd5+ Kf8 43. Rc7 Re7 44. Rc6 f5 45. Rf6+ Kg7 46. Rd6 Kf8 47. Bc6 Kf7 48. Rd8 Bb6 49. Rc8 Rc7 50. Rxc7+ 1/2-1/2

[Event "Hungarian Youth-ch I 2024"]
[Site "Szolnok"]
[Date "2024.04.03"]
[Round "5.19"]
[White "Botond, Laszlo"]
[Black "Koncz, Botond"]
[Result "1/2-1/2"]
[ECO "B40"]
[WhiteElo "1831"]
[BlackElo "1474"]
[Annotator "NA RC"]
[PlyCount "81"]
[EventDate "2024.03.31"]
[EventType "swiss"]
[EventCountry "HUN"]
[SourceTitle "playchess.com"]
[Source "ChessBase"]
[SourceQuality "1"]
[TimeControl "5400+30"]

1. e4 c5 2. Nf3 e6 3. Nc3 d5 4. exd5 exd5 5. Bb5+ Nc6 6. O-O Nf6 7. Re1+ Be7 8. d3 O-O 9. Bg5 d4 10. Bxf6 Bxf6 11. Ne4 Be7 12. Ng3 Bd7 13. Re2 Bg4 14. Bxc6 bxc6 15. Re1 Bd6 16. Ne4 Qc7 17. h3 Bh5 18. Kh1 f5 19. Nxd6 Qxd6 20. Rg1 Qd5 21. c3 dxc3 22. bxc3 Rfd8 23. d4 Bxf3 24. gxf3 cxd4 25. cxd4 Qxd4 26. Qxd4 Rxd4 27. Rac1 Rc8 28. Rc5 Rh4 29. Kh2 Ra4 30. Ra1 g6 31. Kg2 Kf7 32. Rc2 c5 33. Rh1 c4 34. h4 h5 35. Rd1 Rc7 36. Rd4 Ke6 37. f4 Kf7 38. Kf1 Ke6 39. Ke2 Kf7 40. Kf1 Ke6 41. Kg2 1/2-1/2

[Event "Hungarian Youth-ch I 2024"]
[Site "Szolnok"]
[Date "2024.04.03"]
[Round "5.20"]
[White "Golya, David"]
[Black "Marton-John, Almos Kiran"]
[Result "1-0"]
[ECO "C50"]
[WhiteElo "1672"]
[BlackElo "1693"]
[Annotator "NA RC"]
[PlyCount "127"]
[EventDate "2024.03.31"]
[EventType "swiss"]
[EventCountry "HUN"]
[SourceTitle "playchess.com"]
[Source "ChessBase"]
[SourceQuality "1"]
[TimeControl "5400+30"]

1. e4 e5 2. Nf3 Nc6 3. Bc4 Bc5 4. O-O Nf6 5. Nc3 d6 6. h3 h6 7. d3 g5 8. Nh2 g4 9. hxg4 Rg8 10. g5 hxg5 11. Be3 Be6 12. Bxe6 fxe6 13. Bxc5 dxc5 14. g3 Qe7 15. Kg2 O-O-O 16. Ng4 c4 17. Qf3 Nxg4 18. Qxg4 cxd3 19. Nd5 Qf7 20. cxd3 Kb8 21. Ne3 Rxd3 22. Rab1 Nd4 23. Rbc1 Rf8 24. Rcd1 Rxd1 25. Nxd1 Qf3+ 26. Qxf3 Rxf3 27. Rh1 c5 28. Rh5 Rd3 29. Ne3 Rd2 30. Rxg5 Rxb2 31. Rxe5 b6 32. g4 Ne2 33. g5 Nf4+ 34. Kf3 Rxf2+ 35. Kg3 Kc7 36. g6 Nxg6 37. Rxe6 Nf4 38. Nd5+ Nxd5 39. Kxf2 Nc3 40. Re7+ Kd6 41. Rxa7 Nxe4+ 42. Ke3 Nc3 43. Kd3 Nd5 44. a3 Kc6 45. Rh7 Kb5 46. Rh4 Ne7 47. Kc3 Nc6 48. Rh8 Ka4 49. Ra8+ Na5 50. Kb2 Kb5 51. Rg8 Nc6 52. Rg6 Ne5 53. Re6 Nf3 54. Rf6 Nd2 55. Kc2 Nc4 56. Rf3 Ka4 57. Rf4 Kb5 58. a4+ Kb4 59. Kd3 Kxa4 60. Kxc4 Ka5 61. Rf8 Ka6 62. Rf7 b5+ 63. Kxc5 b4 64. Kxb4 1-0

[Event "Hungarian Youth-ch I 2024"]
[Site "Szolnok"]
[Date "2024.04.03"]
[Round "5.24"]
[White "Kovacs, Reka"]
[Black "Nandin-Erdene, Davaademberel"]
[Result "0-1"]
[ECO "B06"]
[WhiteElo "1855"]
[BlackElo "1978"]
[Annotator "RC"]
[PlyCount "134"]
[EventDate "2024.03.31"]
[EventType "swiss"]
[EventCountry "HUN"]
[SourceTitle "playchess.com"]
[Source "ChessBase"]
[SourceQuality "1"]
[TimeControl "5400+30"]

1. e4 g6 2. d4 Bg7 3. Nc3 c6 4. Be3 d5 5. exd5 cxd5 6. Nf3 Nh6 7. Qd2 Nf5 8. Bf4 O-O 9. Nb5 Nc6 10. c3 a6 11. Na3 b5 12. Nc2 Nd6 13. Bd3 Bf5 14. Bxf5 Nxf5 15. h4 h5 16. Ne3 Nd6 17. g4 Ne4 18. Qe2 Nf6 19. Ne5 Rc8 20. Nxc6 Rxc6 21. Be5 Nxg4 22. Nxg4 hxg4 23. Bxg7 Kxg7 24. Qxg4 Re6+ 25. Kd2 b4 26. h5 Qb6 27. Rab1 Qa5 28. hxg6 Rxg6 29. Qh3 Rg8 30. cxb4 Qxb4+ 31. Qc3 Qb8 32. Qe3 Qb4+ 33. Qc3 Qd6 34. Rbc1 Qf4+ 35. Qe3 Qxe3+ 36. fxe3 Rb8 37. Kc3 Rc6+ 38. Kd3 Rxc1 39. Rxc1 Rxb2 40. Ra1 Kf6 41. Kc3 Re2 42. Kd3 Rb2 43. Kc3 Rf2 44. Kb4 Re2 45. Ka5 Rxe3 46. Kxa6 Rd3 47. Kb5 Rxd4 48. a4 Rc4 49. Re1 Rc8 50. a5 e5 51. a6 e4 52. a7 Ra8 53. Kb6 Ke5 54. Kb7 Rxa7+ 55. Kxa7 d4 56. Kb6 d3 57. Kc5 d2 58. Rd1 e3 59. Kc4 e2 60. Rxd2 e1=Q 61. Rd5+ Kf4 62. Rd4+ Qe4 63. Kc5 Qxd4+ 64. Kxd4 f5 65. Kd3 Kf3 66. Kd2 f4 67. Ke1 Kg2 0-1

[Event "Hungarian Youth-ch I 2024"]
[Site "Szolnok"]
[Date "2024.04.03"]
[Round "5.25"]
[White "Balazs, Sztella Anna"]
[Black "Szarvas, Nora"]
[Result "1/2-1/2"]
[ECO "C43"]
[WhiteElo "1805"]
[BlackElo "1955"]
[Annotator "RC"]
[PlyCount "144"]
[EventDate "2024.03.31"]
[EventType "swiss"]
[EventCountry "HUN"]
[SourceTitle "playchess.com"]
[Source "ChessBase"]
[SourceQuality "1"]
[TimeControl "5400+30"]

1. e4 e5 2. Nf3 Nf6 3. d4 Nxe4 4. Nxe5 d6 5. Nf3 Bg4 6. Be2 Qd7 7. Bf4 Qf5 8. Be3 Nd7 9. Nbd2 O-O-O 10. h3 Bxf3 11. Bxf3 d5 12. c3 Ndf6 13. b4 Nxc3 14. Qb3 Nce4 15. Rc1 Bd6 16. Nb1 Rhe8 17. b5 Kb8 18. a4 Qe6 19. O-O g5 20. Bxe4 Nxe4 21. Rfe1 g4 22. hxg4 Qxg4 23. f3 Qg3 24. fxe4 Rxe4 25. Nd2 Rg8 26. Re2 Rh4 27. Nf1 Qh3 28. Qxd5 Rh5 29. Qe4 Rh4 30. Qe8+ Rxe8 31. gxh3 Rxd4 32. Bxd4 Rxe2 33. Bf2 Re4 34. Re1 Rxe1 35. Bxe1 Kc8 36. Kf2 Kd7 37. Ke3 c6 38. Kd4 cxb5 39. axb5 a6 40. bxa6 bxa6 41. Ne3 Ke6 42. Ke4 Kf6 43. h4 Kg6 44. Kd5 Bb8 45. Ke4 Bc7 46. Nd5 Bd6 47. Ne3 Bc7 48. Kf3 Kh5 49. Nd5 Bd8 50. Nf4+ Kh6 51. Kg4 a5 52. Bd2 Kg7 53. h5 a4 54. Kf5 a3 55. Bc3+ Kg8 56. Nd5 h6 57. Ne3 Bg5 58. Nc4 Be7 59. Bd4 Kh7 60. Ke4 Kg8 61. Kd3 f5 62. Ne3 f4 63. Nd5 Bd6 64. Ke4 f3 65. Kxf3 Kf7 66. Ke4 Bf8 67. Kf5 Bd6 68. Nc3 Be7 69. Nd5 Bf8 70. Nc3 Be7 71. Nb5 Bf8 72. Nc3 Be7 1/2-1/2

[Event "Hungarian Youth-ch I 2024"]
[Site "Szolnok"]
[Date "2024.04.03"]
[Round "5.26"]
[White "Toth, Timea"]
[Black "Bende, Eniko Tunde"]
[Result "1/2-1/2"]
[ECO "B20"]
[WhiteElo "1978"]
[BlackElo "1650"]
[Annotator "RC"]
[PlyCount "56"]
[EventDate "2024.03.31"]
[EventType "swiss"]
[EventCountry "HUN"]
[SourceTitle "playchess.com"]
[Source "ChessBase"]
[SourceQuality "1"]
[TimeControl "5400+30"]

1. e4 c5 2. c4 Nc6 3. Ne2 Nf6 4. Nbc3 e6 5. d4 cxd4 6. Nxd4 Bb4 7. Nxc6 dxc6 8. Qxd8+ Kxd8 9. Bd2 Ke7 10. f3 Bd7 11. e5 Ne8 12. Ne4 Bxd2+ 13. Kxd2 f6 14. f4 f5 15. Nc3 Nc7 16. b4 b5 17. cxb5 Nxb5 18. Nxb5 cxb5 19. Rc1 Rac8 20. Be2 Rhd8 21. Rxc8 Rxc8 22. Rc1 Rxc1 23. Kxc1 a6 24. Bf3 Bc8 25. Kd2 Kd7 26. Kc3 Kc7 27. Kd4 Kb6 28. Ba8 Bd7 1/2-1/2

[Event "Hungarian Youth-ch I 2024"]
[Site "Szolnok"]
[Date "2024.04.04"]
[Round "6.1"]
[White "Szikszai, Bertalan"]
[Black "Kocsmar, Akos"]
[Result "1/2-1/2"]
[ECO "B10"]
[WhiteElo "2312"]
[BlackElo "2029"]
[Annotator "RC"]
[PlyCount "50"]
[EventDate "2024.03.31"]
[EventType "swiss"]
[EventCountry "HUN"]
[SourceTitle "playchess.com"]
[Source "ChessBase"]
[SourceQuality "1"]
[TimeControl "5400+30"]

1. e4 c6 2. Nc3 d5 3. Nf3 dxe4 4. Nxe4 Nf6 5. Nxf6+ exf6 6. d4 Bd6 7. Bd3 O-O 8. Be3 Na6 9. c3 Nc7 10. Qc2 h6 11. O-O-O Be6 12. Kb1 Nd5 13. Nd2 Re8 14. Ne4 Bf8 15. Bd2 Qc7 16. Ng3 Rad8 17. Rhe1 Nb6 18. Bf5 Bd5 19. b3 Be6 20. Nh5 Qd7 21. Rxe6 fxe6 22. Bg6 Nd5 23. Re1 Kh8 24. Qe4 Re7 25. Qh4 b5 1/2-1/2

[Event "Hungarian Youth-ch I 2024"]
[Site "Szolnok"]
[Date "2024.04.04"]
[Round "6.2"]
[White "Fule, Simon"]
[Black "Gathi, Donat"]
[Result "1/2-1/2"]
[ECO "C92"]
[WhiteElo "2262"]
[BlackElo "2192"]
[Annotator "RC"]
[PlyCount "27"]
[EventDate "2024.03.31"]
[EventType "swiss"]
[EventCountry "HUN"]
[SourceTitle "playchess.com"]
[Source "ChessBase"]
[SourceQuality "1"]
[TimeControl "5400+30"]

1. e4 e5 2. Nf3 Nc6 3. Bb5 a6 4. Ba4 Nf6 5. O-O Be7 6. Re1 b5 7. Bb3 d6 8. c3 O-O 9. h3 Be6 10. d4 Bxb3 11. Qxb3 Qd7 12. Nbd2 Rfe8 13. Nf1 d5 14. exd5 1/2-1/2

[Event "Hungarian Youth-ch I 2024"]
[Site "Szolnok"]
[Date "2024.04.04"]
[Round "6.3"]
[White "Jankovics, Emod"]
[Black "Borzsei, Andras"]
[Result "0-1"]
[ECO "D02"]
[WhiteElo "1699"]
[BlackElo "2126"]
[Annotator "RC"]
[PlyCount "98"]
[EventDate "2024.03.31"]
[EventType "swiss"]
[EventCountry "HUN"]
[SourceTitle "playchess.com"]
[Source "ChessBase"]
[SourceQuality "1"]
[TimeControl "5400+30"]

1. d4 d5 2. Nf3 Nf6 3. Bf4 c5 4. e3 Nc6 5. Nbd2 Bg4 6. h3 Bxf3 7. Nxf3 e6 8. c3 Bd6 9. Ne5 Bxe5 10. Bxe5 Nxe5 11. dxe5 Nd7 12. Bb5 O-O 13. Bxd7 Qxd7 14. O-O Qc7 15. f4 f6 16. exf6 Rxf6 17. Qe2 Raf8 18. Rf2 Qc6 19. Rc1 b5 20. g4 a5 21. g5 Rf5 22. a3 e5 23. Rcf1 e4 24. Rc1 Qb6 25. Qd1 Rd8 26. Rd2 a4 27. Qg4 g6 28. Rcd1 b4 29. cxb4 cxb4 30. Qe2 bxa3 31. bxa3 Qc5 32. Kf2 Rxf4+ 33. Kg3 Rf3+ 34. Kg2 Qd6 35. Qe1 Qe6 36. Qh4 Rxe3 37. Rc1 Rf3 38. Rc7 Rf7 39. Rdc2 Qf5 40. Rf2 Qxf2+ 41. Qxf2 Rxf2+ 42. Kxf2 d4 43. Re7 d3 44. Ke1 d2+ 45. Kd1 Rd4 46. h4 Kf8 47. Re5 Kf7 48. Rb5 Ke6 49. Rb8 Kf5 0-1

[Event "Hungarian Youth-ch I 2024"]
[Site "Szolnok"]
[Date "2024.04.04"]
[Round "6.4"]
[White "Gulacsi, Donat Ferenc"]
[Black "Bekesi, Aron"]
[Result "1/2-1/2"]
[ECO "C45"]
[WhiteElo "1912"]
[BlackElo "1783"]
[Annotator "RC"]
[PlyCount "68"]
[EventDate "2024.03.31"]
[EventType "swiss"]
[EventCountry "HUN"]
[SourceTitle "playchess.com"]
[Source "ChessBase"]
[SourceQuality "1"]
[TimeControl "5400+30"]

1. e4 e5 2. Nf3 Nc6 3. d4 exd4 4. Nxd4 Bc5 5. Be3 Qf6 6. c3 Nge7 7. Bc4 O-O 8. O-O d6 9. Nxc6 Nxc6 10. Bxc5 dxc5 11. f4 a6 12. Qf3 Be6 13. Na3 b5 14. Bxe6 Qxe6 15. Nc2 Rfe8 16. e5 Rad8 17. f5 Qd5 18. Qh3 Nxe5 19. Ne3 Qe4 20. f6 Rd3 21. Rae1 Ng6 22. Rf3 Qh4 23. Qxh4 Nxh4 24. Rh3 Nf5 25. Kf2 Rd2+ 26. Re2 Rxe2+ 27. Kxe2 gxf6 28. Rf3 Nxe3 29. Rxe3 Kf8 30. c4 c6 31. Rxe8+ Kxe8 32. Kf3 f5 33. Kf4 f6 34. Kxf5 Kf7 1/2-1/2

[Event "Hungarian Youth-ch I 2024"]
[Site "Szolnok"]
[Date "2024.04.04"]
[Round "6.5"]
[White "Herpai, Jozsef Matyas"]
[Black "Barna, Peter"]
[Result "1-0"]
[ECO "C44"]
[WhiteElo "2037"]
[BlackElo "1702"]
[Annotator "RC"]
[PlyCount "37"]
[EventDate "2024.03.31"]
[EventType "swiss"]
[EventCountry "HUN"]
[SourceTitle "playchess.com"]
[Source "ChessBase"]
[SourceQuality "1"]
[TimeControl "5400+30"]

1. e4 e5 2. d4 exd4 3. Nf3 Nc6 4. Nxd4 Qf6 5. Nf3 Bc5 6. Be2 Nge7 7. O-O O-O 8. Nc3 h6 9. Ne1 a6 10. Nd3 Ba7 11. Nf4 Qd4 12. Bd3 Qf6 13. Nh5 Qe5 14. Bf4 Qa5 15. Nd5 Nxd5 16. exd5 g5 17. Bd2 Qa4 18. dxc6 dxc6 19. Nf6+ 1-0

[Event "Hungarian Youth-ch I 2024"]
[Site "Szolnok"]
[Date "2024.04.04"]
[Round "6.6"]
[White "Kolimar, Kristof Pal"]
[Black "Turcsanyi, Vince Gergo"]
[Result "0-1"]
[ECO "B12"]
[WhiteElo "2282"]
[BlackElo "2247"]
[Annotator "RC"]
[PlyCount "212"]
[EventDate "2024.03.31"]
[EventType "swiss"]
[EventCountry "HUN"]
[SourceTitle "playchess.com"]
[Source "ChessBase"]
[SourceQuality "1"]
[TimeControl "5400+30"]

1. e4 c6 2. d4 d5 3. e5 c5 4. Nf3 cxd4 5. Nxd4 Nc6 6. c4 e6 7. Nc3 a6 8. cxd5 exd5 9. Nxc6 bxc6 10. Bd3 Ne7 11. O-O Ng6 12. Qh5 Qh4 13. Qxh4 Nxh4 14. Be3 Bf5 15. Be2 Be6 16. Na4 g6 17. Bc5 Bg7 18. f4 f6 19. Nb6 Rb8 20. Bxa6 fxe5 21. fxe5 Nf5 22. Kh1 Kd8 23. g4 Nh6 24. h3 Nf7 25. Rae1 h5 26. Rf6 Bxf6 27. exf6 Ng5 28. f7 Bxf7 29. Re7 Rxb6 30. Ra7 Rxa6 31. Rxa6 Kd7 32. Ra7+ Ke6 33. Re7+ Kf6 34. Rc7 Ne6 35. Rxc6 Ke5 36. Bd6+ Ke4 37. Kg2 hxg4 38. hxg4 d4 39. Rc1 d3 40. Re1+ Kd5 41. Bg3 Rc8 42. Rd1 Rc2+ 43. Kf3 Kd4 44. Bf2+ Kc4 45. b3+ Kc3 46. Be1+ d2 47. Rxd2 Rxd2 48. Ke3 Kb2 49. Bxd2 Kxa2 50. b4 Kb3 51. Ke4 Kc4 52. Ke5 Nc7 53. Kf6 Be8 54. Ke7 Ba4 55. g5 Nd5+ 56. Kf7 Bc2 57. Ke6 Nxb4 58. Kf6 Nc6 59. Bf4 Kd5 60. Bg3 Bf5 61. Bf4 Ke4 62. Bc1 Nb4 63. Kf7 Kf3 64. Bd2 Nd3 65. Kg7 Kg4 66. Be3 Ne5 67. Kf6 Nc4 68. Bc1 Nd6 69. Kg7 Kh5 70. Kf6 Ne4+ 71. Ke5 Kg4 72. Be3 Nxg5 73. Kf6 Nf3 74. Kg7 Be4 75. Kf6 Bd3 76. Bc1 g5 77. Be3 Kh4 78. Bxg5+ Nxg5 79. Ke5 Kg4 80. Kd4 Bf5 81. Kc3 Kf4 82. Kb2 Ke3 83. Ka1 Kd4 84. Kb2 Ne6 85. Ka1 Nc5 86. Kb2 Bg6 87. Kc1 Ke3 88. Kb2 Kd2 89. Ka1 Kc3 90. Ka2 Nb3 91. Ka3 Bb1 92. Ka4 Nd4 93. Ka3 Nb5+ 94. Ka4 Kc4 95. Ka5 Kc5 96. Ka6 Nd6 97. Ka5 Bc2 98. Ka6 Bb3 99. Ka5 Nb7+ 100. Ka6 Kc6 101. Ka7 Kc7 102. Ka6 Bc4+ 103. Ka7 Nd6 104. Ka8 Bb5 105. Ka7 Nc8+ 106. Ka8 Bc6# 0-1

[Event "Hungarian Youth-ch I 2024"]
[Site "Szolnok"]
[Date "2024.04.04"]
[Round "6.7"]
[White "Apro, Barnabas"]
[Black "Csernyik, Mark"]
[Result "0-1"]
[ECO "B04"]
[WhiteElo "2026"]
[BlackElo "2016"]
[Annotator "NA RC"]
[PlyCount "106"]
[EventDate "2024.03.31"]
[EventType "swiss"]
[EventCountry "HUN"]
[SourceTitle "playchess.com"]
[Source "ChessBase"]
[SourceQuality "1"]
[TimeControl "5400+30"]

1. e4 Nf6 2. e5 Nd5 3. d4 d6 4. Nf3 dxe5 5. Nxe5 c6 6. c3 Bf5 7. Qf3 Bg6 8. Bd3 Nf6 9. Nxg6 hxg6 10. Nd2 e6 11. Nc4 Qd5 12. Qxd5 Nxd5 13. Bd2 c5 14. dxc5 Bxc5 15. b4 Be7 16. Ne3 Nxe3 17. Bxe3 Bf6 18. Rc1 Nc6 19. a3 O-O 20. O-O Rfd8 21. Be4 Rd7 22. b5 Na5 23. Rfd1 Rc7 24. Bxa7 Rc4 25. Bd3 Rxa7 26. b6 Ra8 27. Bxc4 Nxc4 28. Rd7 Nxb6 29. Rxb7 Nc4 30. Rb4 Nxa3 31. g3 Rc8 32. c4 Be7 33. Ra4 Bc5 34. Ra1 Nxc4 35. Ra8 Rxa8 36. Rxa8+ Bf8 37. Kg2 Nb6 38. Rb8 Nd5 39. Ra8 g5 40. Re8 g6 41. Ra8 Kg7 42. Ra7 Bc5 43. Rb7 g4 44. Rb5 Bd4 45. Ra5 Nf6 46. Ra4 e5 47. Ra5 Ne4 48. f4 gxf3+ 49. Kxf3 Nc3 50. Ra3 f5 51. g4 e4+ 52. Kf4 Ne2+ 53. Kg5 Bf6# 0-1

[Event "Hungarian Youth-ch I 2024"]
[Site "Szolnok"]
[Date "2024.04.04"]
[Round "6.8"]
[White "Bodrogi, Bendeguz"]
[Black "Szegedy, Matyas"]
[Result "0-1"]
[ECO "A49"]
[WhiteElo "2316"]
[BlackElo "2177"]
[Annotator "RC"]
[PlyCount "78"]
[EventDate "2024.03.31"]
[EventType "swiss"]
[EventCountry "HUN"]
[SourceTitle "playchess.com"]
[Source "ChessBase"]
[SourceQuality "1"]
[TimeControl "5400+30"]

1. d4 Nf6 2. Nf3 g6 3. g3 b6 4. Bg2 Bb7 5. b3 Bg7 6. Bb2 O-O 7. O-O c5 8. c4 cxd4 9. Qxd4 d6 10. Nc3 Ne4 11. Qe3 Nxc3 12. Bxc3 Bxc3 13. Qxc3 Nd7 14. Rfe1 Nf6 15. Rad1 Qc7 16. Qd4 Rfd8 17. e4 e5 18. Qd3 Bc6 19. Nd2 Qb7 20. Nb1 b5 21. c5 dxc5 22. Qxd8+ Rxd8 23. Rxd8+ Kg7 24. Rd3 Qa6 25. Rd2 Qa5 26. Rc1 Bxe4 27. Bxe4 Nxe4 28. Re2 f5 29. Kg2 Qd8 30. f3 Ng5 31. h4 Qd3 32. Rf2 Ne6 33. Re1 e4 34. fxe4 fxe4 35. Rfe2 Qf3+ 36. Kh2 Nd4 37. Rxe4 Nf5 38. g4 Qf2+ 39. Kh1 Ng3# 0-1

[Event "Hungarian Youth-ch I 2024"]
[Site "Szolnok"]
[Date "2024.04.04"]
[Round "6.9"]
[White "Foldes, Marton Gabor"]
[Black "Megyaszai, Balazs"]
[Result "1/2-1/2"]
[ECO "B11"]
[WhiteElo "2162"]
[BlackElo "2029"]
[Annotator "RC"]
[PlyCount "63"]
[EventDate "2024.03.31"]
[EventType "swiss"]
[EventCountry "HUN"]
[SourceTitle "playchess.com"]
[Source "ChessBase"]
[SourceQuality "1"]
[TimeControl "5400+30"]

1. e4 c6 2. Nc3 d5 3. Nf3 Bg4 4. h3 Bxf3 5. Qxf3 e6 6. Be2 Bc5 7. O-O Nd7 8. Rd1 d4 9. Nb1 Ne5 10. Qg3 d3 11. Qxe5 Bd4 12. Qg3 dxc2 13. Rf1 cxb1=Q 14. Rxb1 Ne7 15. b4 Ng6 16. Kh1 Qh4 17. Qxh4 Nxh4 18. f4 Ng6 19. b5 c5 20. b6 O-O 21. bxa7 Rxa7 22. Bc4 Rb8 23. Rb5 Kf8 24. d3 Ne7 25. f5 exf5 26. exf5 Rd8 27. f6 gxf6 28. Bh6+ Kg8 29. Rf3 Ng6 30. Be3 Bxe3 31. Rxe3 Ne5 32. Rxc5 1/2-1/2

[Event "Hungarian Youth-ch I 2024"]
[Site "Szolnok"]
[Date "2024.04.04"]
[Round "6.10"]
[White "Panda, Barnabas"]
[Black "Puskas, Mihaly"]
[Result "1-0"]
[ECO "A13"]
[WhiteElo "2066"]
[BlackElo "1978"]
[Annotator "NA RC"]
[PlyCount "63"]
[EventDate "2024.03.31"]
[EventType "swiss"]
[EventCountry "HUN"]
[SourceTitle "playchess.com"]
[Source "ChessBase"]
[SourceQuality "1"]
[TimeControl "5400+30"]

1. c4 e6 2. g3 d5 3. Nf3 Nf6 4. b3 c5 5. Bg2 Nc6 6. O-O b6 7. cxd5 exd5 8. d4 Bb7 (8... Be7 $11 {should be considered.}) 9. Nc3 Be7 10. Ba3 (10. dxc5 $14 bxc5 11. Bg5) 10... O-O 11. Rc1 $11 Re8 12. Re1 Nb4 13. dxc5 Bxc5 14. Na4 Ne4 15. Nxc5 bxc5 16. Nd2 Qa5 17. Bxb4 Qxb4 18. Nxe4 dxe4 19. Rc4 Qb6 20. Qc2 Rac8 21. Bxe4 Ba6 22. Bxh7+ Kf8 23. Rf4 Rc6 24. Bd3 Bc8 25. Rc1 Bd7 26. Bf5 Bxf5 27. Qxf5 Rc7 28. e3 Kg8 29. Rfc4 Rec8 30. Qd5 a5 31. Qe5 Qb5 32. Rg4 1-0

[Event "Hungarian Youth-ch I 2024"]
[Site "Szolnok"]
[Date "2024.04.04"]
[Round "6.11"]
[White "Lehocz, Jozsef Jr."]
[Black "Kovacs, Kristof"]
[Result "1/2-1/2"]
[ECO "A06"]
[WhiteElo "2143"]
[BlackElo "2000"]
[Annotator "RC"]
[PlyCount "42"]
[EventDate "2024.03.31"]
[EventType "swiss"]
[EventCountry "HUN"]
[SourceTitle "playchess.com"]
[Source "ChessBase"]
[SourceQuality "1"]
[TimeControl "5400+30"]

1. Nf3 d5 2. e3 Nf6 3. b3 e6 4. Bb2 Be7 5. c4 a6 6. cxd5 exd5 7. d4 Bf5 8. Bd3 Ne4 9. O-O Nd7 10. Nc3 Nxc3 11. Bxc3 Bxd3 12. Qxd3 O-O 13. b4 Nb6 14. Nd2 Qd7 15. Qc2 Qa4 16. Qb3 Bd6 17. Rfc1 Rfe8 18. g3 Re7 19. Nf3 Rae8 20. Kg2 Qxb3 21. axb3 c6 1/2-1/2

[Event "Hungarian Youth-ch I 2024"]
[Site "Szolnok"]
[Date "2024.04.04"]
[Round "6.12"]
[White "Karacsonyi, Bank"]
[Black "Feher, Botond"]
[Result "0-1"]
[ECO "B76"]
[WhiteElo "1940"]
[BlackElo "2018"]
[Annotator "NA RC"]
[PlyCount "62"]
[EventDate "2024.03.31"]
[EventType "swiss"]
[EventCountry "HUN"]
[SourceTitle "playchess.com"]
[Source "ChessBase"]
[SourceQuality "1"]
[TimeControl "5400+30"]

1. e4 c5 2. Nf3 d6 3. d4 cxd4 4. Nxd4 Nf6 5. Nc3 g6 6. Be3 Bg7 7. f3 O-O 8. Qd2 Nc6 9. g4 Bd7 10. O-O-O Rc8 11. h4 Ne5 12. h5 Qa5 13. Kb1 Nxf3 14. Nxf3 Rxc3 15. Ng5 Bxg4 16. Bh3 Bxd1 17. Rxd1 Rc5 18. Bxc5 Qxc5 19. hxg6 hxg6 20. Qg2 Qe5 21. c3 b5 22. Rd4 Rb8 23. Nf3 Qc5 24. Ng5 b4 25. Ne6 fxe6 26. Bxe6+ Kh7 27. Bf7 bxc3 28. Qxg6+ Kh8 29. Rd3 Rxb2+ 30. Kc1 Rb1+ 31. Kxb1 Qb5+ 0-1